 Dungeon Crawl Stone Soup version 0.27-a0-1196-g3e9cee4cb2 (webtiles) character file.

Game seed: 3850217315880872563

1685 robertstho the Magician (level 9, -3/64 HPs)
             Began as a Djinni Fire Elementalist on May 27, 2021.
             Was an Initiate of Gozag.
             Slain by a four-headed hydra (5 damage)
             ... on level 7 of the Dungeon.
             The game lasted 00:08:14 (7021 turns).

robertstho the Magician (Djinni Fire Elementalist)  Turns: 7021, Time: 00:08:15

Health: -3/64      AC:  2    Str:  7    XL:     9   Next: 22%
Gold:   722        EV: 13    Int: 20    God:    Gozag SH:  5 Dex: 14

rFire    + + .     SeeInvis .   m - +1 hand axe (elec)
rCold    x . .     Faith    .   (no shield)
rNeg     . . .     Spirit   .   a - +0 robe
rPois    ∞         Reflect  +   (no helmet)
rElec    .         Harm     .   (no cloak)
rCorr    .         Rampage  .   (no gloves)
Will     .....                  (boots unavailable)
Stlth    ++........             q - amulet of reflection
HPRegen  0.20/turn              (no ring)
MPRegen  0.00/turn              (no ring)

@: flying
A: sickness immunity, fire resistance 2, cold vulnerability 1, float, innate
caster, hp casting, extra vitality 1
a: Renounce Religion, Potion Petition, Call Merchant, Bribe Branch


You were on level 7 of the Dungeon.
You worshipped Gozag.
Gozag was pleased with you.
You visited 2 branches of the dungeon, and saw 7 of its levels.
You also visited: Ossuary.

You collected 794 gold pieces.
You paid 72 gold pieces to Gozag.

Inventory:

Hand Weapons
 m - a +1 hand axe of electrocution (weapon)
Missiles
 o - 2 boomerangs of dispersal
Armour
 a - a +0 robe (worn)
Jewellery
 q - an amulet of reflection (around neck)
Wands
 n - a wand of digging (3)
Scrolls
 d - 2 scrolls of fog {unknown}
 e - 5 scrolls of identify
 g - a scroll of vulnerability
 l - a scroll of holy word
 r - 2 scrolls of teleportation {unknown}
 t - a scroll of amnesia {unknown}
Potions
 b - 2 potions of brilliance {unknown}
 c - 2 potions of heal wounds
 f - 6 potions of curing
 h - 2 potions of lignification
 i - a potion of resistance {unknown}
 j - 3 potions of might {unknown}
 k - a potion of haste
 p - a potion of cancellation {unknown}
 s - 3 potions of flight {unknown}


   Skills:
 * Level 4.8 Fighting
 + Level 3.3 Dodging
 + Level 3.3 Stealth
 + Level 7.4 Spellcasting


You couldn't memorise any spells.
You knew the following spells:

 Your Spells              Type           Power      Damage    Failure   Level
a - Foxfire               Conj/Fire      100%       2x1d9     1%          1
b - Conjure Flame         Conj/Fire      37%        6-21      1%          3
c - Inner Flame           Hex/Fire       37%        N/A       1%          3
d - Sticky Flame          Conj/Fire      37%        2d6       4%          4
e - Fireball              Conj/Fire      18%        3d9       12%         5
f - Magic Dart            Conj           100%       1d8       1%          1
g - Poisonous Vapours     Pois/Air       74%        N/A       1%          2
h - Passwall              Tmut/Erth      30%        N/A       1%          2
i - Olgreb's Toxic Radia  Pois           37%        N/A       4%          4
Your spell library was empty.

Dungeon Overview and Level Annotations

Branches:
Dungeon (5/15)             Temple (1/1) D:4         Ossuary (visited)

Altars:
Ashenzari
Dithmenos
Fedhas
Gozag
Kikubaaqudgha
Makhleb
Okawaru
Qazlal
Ru
Sif Muna
Trog
Uskayaw
Vehumet
Wu Jian
Yredelemnul


Innate Abilities, Weirdness & Mutations

You are immune to sickness and miasma.
You are immune to poison.
Your flesh is very heat resistant. (rF++)
You are vulnerable to cold. (rC-)
You float through the air rather than walking.
You learn spells naturally, not from books.
Your magical power is your life essence.
You have superior vitality. (+4 HP)


Message History

Aiming: Fireball (quite dangerous; 12% risk of failure)
Press: ? - help, Shift-Dir - straight line, f/p - four-headed hydra
Aim: a four-headed hydra (moderately wounded)
The fireball explodes!
The fireball engulfs the four-headed hydra!!
The four-headed hydra is heavily wounded.
Unknown command.
Casting: Fireball (quite dangerous; 12% risk of failure)
Confirm with . or Enter, or press ? or * to list all spells.
Aiming: Sticky Flame (dangerous; 4% risk of failure)
Press: ? - help, Shift-Dir - straight line, f/p - four-headed hydra
Aim: a four-headed hydra (heavily wounded, 100% to hit)
The sticky flame hits the four-headed hydra.
The four-headed hydra is severely wounded.
The four-headed hydra is covered in liquid flames!
The four-headed hydra burns!
The four-headed hydra barely misses you.
The four-headed hydra bites you.
The four-headed hydra barely misses you. x2
The four-headed hydra burns!
The four-headed hydra bites you!
The four-headed hydra completely misses you.
The four-headed hydra bites you.
The four-headed hydra barely misses you.
The four-headed hydra burns!
The four-headed hydra burns!
The four-headed hydra stops burning.
Casting: Sticky Flame (dangerous; 4% risk of failure)
Confirm with . or Enter, or press ? or * to list all spells.
Aiming: Sticky Flame (dangerous; 4% risk of failure)
Press: ? - help, Shift-Dir - straight line, f/p - four-headed hydra
Aim: a four-headed hydra (severely wounded, 100% to hit)
The sticky flame hits the four-headed hydra!
The four-headed hydra is almost dead.
The four-headed hydra is covered in liquid flames!
The four-headed hydra burns!
The four-headed hydra bites you!
* * * LOW HITPOINT WARNING * * *
The four-headed hydra bites you!
* * * LOW HITPOINT WARNING * * *
The four-headed hydra bites you.
You die...
Your body crumbles into a pile of gold.

#.# #.# #.# #.# #
#.####.# ..#
#...##.#
#####....#
###.#..# #......#
#.#.## #.###...#
#...# #.###.#.#
##..## #D....#
###...#####@#####
#...........#
#.#......#..#
#.#........## #
#.......##
#......##
####.### #..#
#.##


You could see a four-headed hydra (burning).

Vanquished Creatures
  Pikel (D:4)
  Grinder (D:4)
  Sigmund (D:4)
  2 ogres
  A centaur (D:7)
  A bullfrog (D:7)
  A scorpion (D:5)
  A hound (D:5)
  A bullfrog zombie (D:5)
  A gnoll shaman (D:5)
  Terence (D:3)
  An orc wizard (D:3)
  8 mummies (Ossuary)
  7 adders
  11 gnolls
  An adder zombie (D:5)
  5 worms
  2 dart slugs
  10 orcs
  2 ball pythons
  4 endoplasms
  5 giant cockroaches
  A gnoll zombie (Ossuary)
  7 goblins
  8 hobgoblins
  6 jackals
  5 quokkas
  4 bats
  6 frilled lizards
  2 hobgoblin zombies (Ossuary)
  7 kobolds
  A kobold zombie (Ossuary)
  4 orc zombies (Ossuary)
  10 rats
129 creatures vanquished.

Vanquished Creatures (others)
  608 foxfires
608 creatures vanquished.

Grand Total: 737 creatures vanquished

Notes
Turn   | Place    | Note
-------+----------+-------------------------------------------
     0 | D:1      | robertstho the Djinni Fire Elementalist began the quest for
                  | the Orb.
     0 | D:1      | Reached XP level 1. HP: 15/15 MP: 0/0
   116 | D:1      | Reached XP level 2. HP: 6/22 MP: 0/0
   351 | D:1      | Found a faded altar of an unknown god.
   721 | D:1      | Reached XP level 3. HP: 21/26 MP: 0/0
   721 | D:1      | Learned a level 1 spell: Magic Dart
   863 | D:1      | Reached skill level 3 in Spellcasting
  1181 | D:1      | Reached skill level 1 in Fighting
  2225 | D:2      | Reached XP level 4. HP: 26/32 MP: 0/0
  2303 | D:2      | Found an ornate altar of the Wu Jian Council.
  3584 | D:3      | Noticed an ogre
  3591 | D:3      | Killed an ogre
  3592 | D:3      | Reached skill level 4 in Spellcasting
  3592 | D:3      | Reached XP level 5. HP: 34/38 MP: 0/0
  3592 | D:3      | Learned a level 2 spell: Poisonous Vapours
  3762 | D:3      | Noticed Terence
  3768 | D:3      | Killed Terence
  3769 | D:3      | Reached XP level 6. HP: 39/43 MP: 0/0
  4896 | D:4      | Noticed Sigmund
  4903 | D:4      | Killed Sigmund
  4904 | D:4      | Reached skill level 5 in Spellcasting
  4904 | D:4      | Reached XP level 7. HP: 28/49 MP: 0/0
  4904 | D:4      | Learned a level 2 spell: Passwall
  5107 | D:4      | Noticed Grinder
  5117 | D:4      | Killed Grinder
  5333 | D:4      | Noticed Pikel
  5344 | D:4      | Killed Pikel
  5345 | D:4      | Reached skill level 6 in Spellcasting
  5345 | D:4      | Reached XP level 8. HP: 48/58 MP: 0/0
  5529 | D:4      | Found a staircase to the Ecumenical Temple.
  5620 | Temple   | Entered the Ecumenical Temple
  5772 | Temple   | Became a worshipper of Gozag Ym Sagoz the Greedy
  5866 | D:5      | Entered Level 5 of the Dungeon
  6109 | D:5      | Found a sand-covered staircase.
  6119 | Ossuary  | Entered an ossuary
  6671 | D:5      | Reached skill level 7 in Spellcasting
  6671 | D:5      | Reached XP level 9. HP: 59/63 MP: 0/0
  6671 | D:5      | Learned a level 4 spell: Olgreb's Toxic Radiance
  6913 | D:5      | You are sucked into a shaft and drop 2 floors!
  7009 | D:7      | Noticed a four-headed hydra
  7021 | D:7      | HP: 2/64 [four-headed hydra (9)]
  7021 | D:7      | Slain by a four-headed hydra

Illustrated notes

Levels and vault maps discovered:
D:1:      dpeg_arrival_rooms_with_view, layout_basic,
          hellmonk_ecumenical_altar_lost_god
D:2:      layout_basic, basic_altar
D:3:      layout_loops_ring, lemuel_tele_altar, uniq_terence
D:4:      layout_gridville, minmay_temple_entry_enclosed_plants, uniq_pikel,
          uniq_sigmund, uniq_grinder
D:5:      layout_basic, kennysheep_mini, nicolae_ossuary_entry_ruins
D:7:      layout_rooms, minmay_three_doors, uniq_menkaure, uniq_joseph,
          uniq_harold
Temple:   dpeg_five_rooms_temple

Skill      XL: |  1  2  3  4  5  6  7  8 |
---------------+-------------------------+-----
Spellcasting   | 3 4 5 6 7 |  7.4
Fighting       | 1 2 4 |  4.8
Stealth        | 2 3 |  3.3
Dodging        | 3 |  3.3

Action                   |  1- 3 |  4- 6 |  7- 9 || total
-------------------------+-------+-------+-------++-------
Melee: Dagger            |       |     1 |       ||     1
 Cast: Foxfire           |    99 |   140 |   138 ||   377
       Sticky Flame      |       |     2 |     4 ||     6
       Fireball          |       |       |     2 ||     2
  Use: Scroll            |       |     5 |     3 ||     8
Armor: Robe              |     3 |     1 |       ||     4
Dodge: Dodged            |     8 |    11 |    13 ||    32
Block: Other             |       |       |     5 ||     5
       Reflection        |       |       |     1 ||     1

Table legend: (Time is in decaauts)
 A = Elapsed time spent in this place.
 B = Non-inter-level travel time spent in this place.
 C = Inter-level travel time spent in this place.
 D = Time resting spent in this place.
 E = Time spent auto-exploring this place.
 F = Levels seen in this place.
 G = Mean time per level.
                   A        B        C        D        E       F      G
               +--------+--------+--------+--------+--------+-----+--------+
         Total |   7019 |   6849 |    170 |      0 |   5971 |   8 |  877.4 |
       Dungeon |   6313 |   6228 |     85 |      0 |   5446 |   6 | 1052.2 |
        Temple |    204 |    119 |     85 |      0 |    113 |   1 |  204.0 |
       Ossuary |    500 |    500 |      0 |      0 |    412 |   1 |  500.0 |
               +--------+--------+--------+--------+--------+-----+--------+

Top non-repeatable levels by time:
     D:1: 2069 daAuts
     D:2: 1482 daAuts
     D:3: 1216 daAuts
     D:4: 891 daAuts
     D:5: 546 daAuts
 Ossuary: 500 daAuts
  Temple: 204 daAuts
     D:7: 107 daAuts
